 Dungeon Crawl Stone Soup version 0.22-a0-166-g5351223 (webtiles) character file.

11530 Kidiri the Thaumaturge (level 11, 0/62 HPs)
             Began as a Deep Elf Fire Elementalist on Feb 13, 2018.
             Was a Believer of Vehumet.
             Slain by a troll (7 damage)
             ... on level 11 of the Dungeon.
             The game lasted 00:36:31 (13293 turns).

Kidiri the Thaumaturge (DEFE)                      Turns: 13293, Time: 00:36:32

Health: 0/62       AC: 14    Str:  5    XL:     11   Next: 50%
Magic:  14/38      EV: 14    Int: 24    God:    Vehumet [**....]
Gold:   46         SH:  0    Dex: 11    Spells: 16/35 levels left

rFire    + + .     SeeInvis .   v - +11 mace of the End {crush, +Fly rF++ rN+ Dex-4}
rCold    . . .     Gourm    .   (no shield)
rNeg     + . .     Faith    .   q - +3 leather armour {rPois}
rPois    +         Spirit   .   x - +0 helmet
rElec    .         Reflect  .   E - +2 cloak {MR+}
rCorr    .         Harm     .   (no gloves)
MR       ++...                  p - +1 pair of boots
Stlth    ++........             l - amulet of the acrobat
HPRegen  0.20/turn              g - +1 ring of protection
MPRegen  0.26/turn              n - ring of magical power

@: very slightly contaminated
A: mutation resistance 1, MP-powered wands
a: Renounce Religion, Evoke Flight


You were on level 11 of the Dungeon.
You worshipped Vehumet.
Vehumet was pleased with you.
You were not hungry.

You visited 2 branches of the dungeon, and saw 12 of its levels.

You collected 401 gold pieces.
You spent 355 gold pieces at shops.

Inventory:

Hand Weapons
 e - a +4 dagger
 v - the +11 mace of the End (weapon) {crush, +Fly rF++ rN+ Dex-4}
   (You found it on level 5 of the Dungeon)

   It inflicts extra damage upon your enemies.
   It affects your dexterity (-4).
   It greatly protects you from fire.
   It protects you from negative energy.
   It lets you fly.
 w - a +2 dagger of freezing
Armour
 a - a +2 leather armour of fire resistance
 p - a +1 pair of boots (worn)
 q - a +3 leather armour of poison resistance (worn)
 x - a +0 helmet (worn)
 E - a +2 cloak of magic resistance (worn)
Jewellery
 g - a +1 ring of protection (left hand)
 j - an uncursed ring of resist corrosion
 l - an amulet of the acrobat (around neck)
 n - a ring of magical power (right hand)
 y - an uncursed amulet of faith
Wands
 b - a wand of iceblast (9)
 d - a wand of digging (14)
 r - a wand of acid (12)
 u - a wand of paralysis (35)
 A - a wand of random effects (35)
 C - a wand of polymorph (12)
Scrolls
 h - 9 scrolls of teleportation
 z - a scroll of remove curse
 F - a scroll of identify
 G - a scroll of magic mapping
 I - a scroll of holy word
Potions
 f - 4 potions of berserk rage
 i - 2 potions of flight
 k - a potion of heal wounds
 m - a potion of might
 o - 4 potions of curing
 s - 2 potions of agility
 t - a potion of brilliance
 B - a potion of lignification
 D - a potion of resistance {unknown}
 J - a potion of cancellation {unknown}
Comestibles
 c - 12 rations
 H - 6 chunks of flesh


   Skills:
 + Level 4.7 Fighting
 + Level 5.9 Short Blades
 + Level 4.8 Armour
 + Level 7.4 Dodging
 - Level 2.4 Stealth
 * Level 12.5 Spellcasting
 + Level 7.4 Conjurations
 + Level 8.1 Fire Magic
 + Level 3.6 Air Magic


You had 16 spell levels left.
You knew the following spells:

 Your Spells              Type           Power        Failure   Level  Hunger
a - Flame Tongue          Conj/Fire      #####        1%          1    None
b - Throw Flame           Conj/Fire      ######       1%          2    None
c - Conjure Flame         Conj/Fire      ######..     1%          3    None
d - Inner Flame           Hex/Fire       ####....     3%          3    None
e - Sticky Flame          Conj/Fire      ######..     2%          4    None
f - Fireball              Conj/Fire      ######....   7%          5    ###....
g - Shock                 Conj/Air       ####         1%          1    None


Dungeon Overview and Level Annotations

Branches:
Dungeon (11/15)            Temple (1/1) D:6            Lair (0/6) D:11
    Orc (0/2) D:10

Altars:
Ashenzari
Cheibriados
Dithmenos
Elyvilon
Fedhas
Gozag
Hepliaklqana
Kikubaaqudgha
Makhleb
Nemelex Xobeh
Okawaru
Qazlal
Ru
Sif Muna
Trog
Uskayaw
Vehumet
Wu Jian
Xom
Yredelemnul
Zin
The Shining One

Shops:
D:8 !   D:9 ?   D:11 ?


Innate Abilities, Weirdness & Mutations

You are somewhat resistant to further mutation.
You expend magic power (3 MP) to strengthen your wands.


Message History

The troll barely misses you.
You are too injured to fight recklessly!
You are too injured to fight recklessly!
You are too injured to fight recklessly!
The troll burns!
The troll stops burning.
The troll bites you but does no damage. The troll claws you.
* * * LOW HITPOINT WARNING * * *
The troll misses you.
Casting: Sticky Flame (safe; 2% risk of failure)
Confirm with . or Enter, or press ? or * to list all spells.
Aiming: Sticky Flame (safe; 2% risk of failure)
Press: ? - help, Shift-Dir - straight line, f/p - troll
Aim: a troll (moderately wounded)
You miscast Sticky Flame.
You are very lightly contaminated with residual magic.
You are momentarily dazzled by a flash of light!
The troll bites you!
* * * LOW HITPOINT WARNING * * *
The troll claws you!
You die...

#..# #..# #..# # #..# #
#..#
#############..##########
.........................
.........................
......##########@T.......
###...# #..####### #...#
#..# ###...#### #..#
..(......## #..#
..........# #..#
..≈≈..≈...######..##
≈.≈≈≈≈..............
≈.≈≈≈.≈≈............


You could see a troll.

Vanquished Creatures
  Josephine (D:10)
  Erica (D:10)
  The ghost of Azzok the Fighter, a novice FoFi of Okawaru (D:7)
  Nergalle (D:10)
  2 unseen horrors (D:10)
  Maurice (D:9)
  Psyche (D:9)
  A troll (D:11)
  A hornet (D:7)
  Grinder (D:4)
  2 hippogriffs (D:7)
  5 wraiths (D:10)
  Eustachio (D:6)
  A steam dragon (D:9)
  4 orc warriors
  A hornet zombie (D:7)
  4 ice beasts
  2 black bears
  A phantom (D:7)
  A necrophage (D:9)
  2 eyes of draining (D:11)
  4 centaurs
  2 ogres
  2 wolves (D:11)
  2 big kobolds (D:9)
  7 bullfrogs
  2 wyvern zombies
  A gnoll sergeant (D:7)
  2 scorpions
  A water moccasin skeleton (D:9)
  6 killer bees (D:10)
  5 wights (D:11)
  4 crimson imps
  A bullfrog zombie (D:10)
  A quasit (D:9)
  2 centaur zombies
  9 hounds
  7 orc priests
  2 jellies
  A gnoll shaman (D:5)
  Jessica (D:3)
  5 iguanas
  5 worker ants
  8 orc wizards
  2 hound zombies
  A worker ant zombie (D:10)
  A howler monkey skeleton (D:8)
  12 gnolls
  10 adders
  A shadow imp (D:7)
  An ooze (D:2)
  3 adder skeletons
  3 worms
  A dart slug (D:3)
  6 leopard geckos
  33 orcs
  6 giant cockroaches
  13 goblins
  6 hobgoblins
  9 jackals
  4 quokkas
  4 bats
  3 frilled lizards
  20 kobolds
  8 rats
262 creatures vanquished.

Notes
Turn   | Place    | Note
-------+----------+-------------------------------------------
     0 | D:1      | Kidiri the Deep Elf Fire Elementalist began the quest for the Orb.
     0 | D:1      | Reached XP level 1. HP: 10/10 MP: 6/6
   356 | D:1      | Reached XP level 2. HP: 8/15 MP: 6/8
   360 | D:1      | Learned a level 2 spell: Throw Flame
   764 | D:2      | Reached skill level 4 in Spellcasting
   888 | D:2      | Reached XP level 3. HP: 19/19 MP: 8/10
   925 | D:2      | Learned a level 3 spell: Conjure Flame
   929 | D:2      | Learned a level 3 spell: Inner Flame
  1144 | D:2      | Found a glowing silver altar of Zin.
  1777 | D:2      | Reached XP level 4. HP: 24/24 MP: 7/12
  1903 | D:3      | Reached skill level 5 in Spellcasting
  2032 | D:3      | Learned a level 4 spell: Sticky Flame
  2112 | D:3      | Found a faded altar of an unknown god.
  2549 | D:3      | Reached XP level 5. HP: 28/28 MP: 5/15
  2857 | D:3      | Noticed Jessica
  3373 | D:3      | Reached skill level 6 in Spellcasting
  3385 | D:3      | Killed Jessica
  3613 | D:4      | Noticed an ogre
  3622 | D:4      | Killed an ogre
  3622 | D:4      | Reached XP level 6. HP: 27/32 MP: 8/17
  3629 | D:4      | Learned a level 5 spell: Fireball
  3689 | D:4      | Noticed Grinder
  3697 | D:4      | Killed Grinder
  3697 | D:4      | Reached skill level 7 in Spellcasting
  3914 | D:4      | Reached skill level 1 in Short Blades
  3914 | D:4      | Reached XP level 7. HP: 37/37 MP: 17/19
  3928 | D:4      | Reached skill level 5 in Fire Magic
  4057 | D:4      | Found a hide-covered altar of Uskayaw.
  4548 | D:5      | Entered Level 5 of the Dungeon
  4622 | D:5      | Found a shattered altar of Ashenzari.
  4817 | D:5      | Reached skill level 1 in Armour
  4820 | D:5      | Reached skill level 1 in Fighting
  4932 | D:5      | Got a transparent mace
  4933 | D:5      | Identified the +11 mace of the End {crush, +Fly rF++ rN+ Dex-4} (You found it on level 5 of the Dungeon)
  5508 | D:5      | Found a deep blue altar of Sif Muna.
  5739 | D:5      | Reached skill level 8 in Spellcasting
  5867 | D:6      | Reached XP level 8. HP: 43/43 MP: 12/22
  6337 | D:6      | Noticed Eustachio
  6364 | D:6      | Killed Eustachio
  6364 | D:6      | Reached skill level 9 in Spellcasting
  6446 | D:6      | Found a staircase to the Ecumenical Temple.
  6463 | Temple   | Entered the Ecumenical Temple
  6469 | Temple   | Reached skill level 5 in Conjurations
  6817 | Temple   | Became a worshipper of Vehumet
  7050 | D:6      | Found a blossoming altar of Fedhas.
  7307 | D:7      | Noticed a hornet
  7314 | D:7      | Killed a hornet
  7314 | D:7      | Reached XP level 9. HP: 30/49 MP: 15/24
  7491 | D:7      | Reached skill level 5 in Dodging
  7820 | D:7      | Reached skill level 10 in Spellcasting
  8289 | D:7      | Found a sparkling altar of Nemelex Xobeh.
  8313 | D:7      | Noticed Azzok's ghost (novice FoFi)
  8343 | D:7      | Killed Azzok's ghost
  8837 | D:8      | Found Loxylif's Distillery.
  8849 | D:8      | Bought a potion of curing for 33 gold pieces
  8849 | D:8      | Bought a potion of brilliance for 44 gold pieces
  8849 | D:8      | Bought a potion of mutation for 88 gold pieces
  8849 | D:8      | Bought a potion of heal wounds for 55 gold pieces
  8849 | D:8      | Gained mutation: You expend magic power (3 MP) to strengthen your wands. [potion of mutation]
  8849 | D:8      | Gained mutation: You are somewhat resistant to further mutation. [potion of mutation]
  8882 | D:8      | Reached * piety under Vehumet
  8882 | D:8      | Offered knowledge of Shock by Vehumet.
  8887 | D:8      | Learned a level 1 spell: Shock
  9083 | D:8      | Reached XP level 10. HP: 49/56 MP: 26/26
  9094 | D:8      | Found a shadowy altar of Dithmenos.
  9887 | D:9      | Noticed Psyche
  9891 | D:9      | Killed Psyche
 10035 | D:9      | Reached skill level 11 in Spellcasting
 10035 | D:9      | Reached skill level 1 in Air Magic
 10525 | D:9      | Noticed Maurice
 10558 | D:9      | Killed Maurice
 10666 | D:9      | Found Potaeluf's Magic Scroll Emporium.
 11128 | D:9      | Found the +6 lightning scales {run, rElec}
 11430 | D:10     | Entered Level 10 of the Dungeon
 11444 | D:10     | Noticed Josephine
 11447 | D:10     | Reached skill level 5 in Short Blades
 11449 | D:10     | Noticed Erica
 11454 | D:10     | Killed Josephine
 11585 | D:10     | Killed Erica
 11585 | D:10     | Reached XP level 11. HP: 51/62 MP: 28/28
 11678 | D:10     | Reached skill level 12 in Spellcasting
 11681 | D:10     | Reached ** piety under Vehumet
 11760 | D:10     | Offered knowledge of Searing Ray by Vehumet.
 11957 | D:10     | Found a staircase to the Orcish Mines.
 12083 | D:10     | Noticed Nergalle
 12092 | D:10     | Noticed a spectral orc warlord
 12094 | D:10     | Killed Nergalle
 12581 | D:10     | Noticed an unseen horror
 12584 | D:10     | Killed an unseen horror
 12768 | D:10     | Noticed an unseen horror
 12772 | D:10     | Killed an unseen horror
 13060 | D:11     | Found Zuthroari's Magic Scroll Boutique.
 13096 | D:11     | Offered knowledge of Ignite Poison by Vehumet.
 13116 | D:11     | Found a staircase to the Lair.
 13135 | D:11     | Bought a scroll of holy word for 135 gold pieces
 13293 | D:11     | Slain by a troll

Vault maps used:
D:1:      scummos_arrival_forest
D:2:      zin_academy
D:3:      first_ration, chequers_ecumenical_altar_simple_redux, uniq_jessica
D:4:      old_standard_altar, st_stairs_13, uniq_grinder
D:5:      overflow_temple_1_default, ashenzari_altar_1, cheibrodos_gnoll_hut
D:6:      minmay_temple_entry_junction_2, st_stairs_1,
          fedhas_bush_and_centaur_altar, uniq_eustachio
D:7:      kennysheep_mini_moat
D:8:      kennysheep_little_box, serial_shops, shop
D:9:      serial_shops, shop_scrolls, uniq_maurice, uniq_psyche
D:10:     david_orc_2, uniq_nergalle, uniq_erica, uniq_josephine
D:11:     erik_lair_island, serial_shops, nicolae_shop_statue_plus,
          grunt_tengu_nest
Temple:   eino_temple_scatter_basement

Skill      XL: |  1  2  3  4  5  6  7  8  9 10 11 |
---------------+----------------------------------+-----
Spellcasting   | 4 5 6 7 8 9 10 11 12 | 12.5
Conjurations   | 2 3 4 5 6 7 |  7.4
Fire Magic     | 4 5 6 7 8 |  8.1
Short Blades   | 1 2 3 4 5 |  5.9
Dodging        | 3 4 5 6 7 |  7.4
Armour         | 1 2 3 4 |  4.8
Fighting       | 1 2 3 4 |  4.7
Air Magic      | 2 3 |  3.6
Stealth        | |  2.4

Action                   |  1- 3 |  4- 6 |  7- 9 | 10-12 || total
-------------------------+-------+-------+-------+-------++-------
Melee: Dagger            |    12 |    21 |     5 |     9 ||    47
       Mace              |       |       |   113 |   200 ||   313
 Cast: Flame Tongue      |    69 |    83 |    88 |    48 ||   288
       Inner Flame       |       |     3 |     4 |     7 ||    14
       Conjure Flame     |       |     2 |     5 |     5 ||    12
       Throw Flame       |       |     2 |     1 |     1 ||     4
       Sticky Flame      |       |     2 |    20 |    34 ||    56
       Fireball          |       |       |       |     7 ||     7
Evoke: Wand              |       |       |       |     2 ||     2
  Use: Scroll            |     3 |     2 |    13 |     9 ||    27
       Potion            |       |       |     2 |     1 ||     3
 Stab: Sleeping          |     2 |     2 |     1 |     1 ||     6
  Eat: Chunk             |     2 |     7 |    18 |     8 ||    35
       Ration            |       |       |       |     2 ||     2
Armor: Robe              |    14 |     5 |       |       ||    19
       Leather armour    |       |     5 |    64 |   115 ||   184
Dodge: Dodged            |    35 |    50 |   160 |   315 ||   560

Table legend:
 A = Spawn XP
 B = Non-spawn XP
 C = Spawn XP percentage of total XP
 D = Spawn monster count
 E = Non-spawn monster count
 F = Spawn count percentage of total count
 G = Total turns spent on level
                    A         B        C        D         E        F      G
               +---------+---------+-------+---------+---------+-------+---------
         Total |       0 |   16472 |   0.0 |       0 |     262 |   0.0 | 13293
               +---------+---------+-------+---------+---------+-------+---------
           D:1 |       0 |      32 |   0.0 |       0 |      20 |   0.0 |   759
           D:2 |       0 |      68 |   0.0 |       0 |      23 |   0.0 |  1247
           D:3 |       0 |     233 |   0.0 |       0 |      36 |   0.0 |  1514
           D:4 |       0 |     487 |   0.0 |       0 |       9 |   0.0 |  1072
           D:5 |       0 |     596 |   0.0 |       0 |      24 |   0.0 |  1418
           D:6 |       0 |     991 |   0.0 |       0 |      17 |   0.0 |   941
           D:7 |       0 |    2754 |   0.0 |       0 |      28 |   0.0 |  1519
           D:8 |       0 |     501 |   0.0 |       0 |      10 |   0.0 |  1119
           D:9 |       0 |    2374 |   0.0 |       0 |      37 |   0.0 |  1471
          D:10 |       0 |    6673 |   0.0 |       0 |      34 |   0.0 |  1436
          D:11 |       0 |    1624 |   0.0 |       0 |      22 |   0.0 |   425
        Temple |       0 |     139 |   0.0 |       0 |       2 |   0.0 |   372
               +---------+---------+-------+---------+---------+-------+---------
